 Dungeon Crawl Stone Soup version 0.17-a0-755-g4391640 (webtiles) character file.

89 sugabear the Shield-Bearer (level 4, -1/28 HPs)
             Began as a Gargoyle Fighter on Apr 22, 2015.
             Slain by a hound (4 damage)
             ... on level 4 of the Dungeon.
             The game lasted 00:01:47 (1554 turns).

sugabear the Shield-Bearer (Gargoyle Fighter)       Turns: 1554, Time: 00:01:47

Health: -1/28      AC: 10    Str: 20    XL:     4   Next: 55%
Magic:  4/4        EV:  7    Int:  9    God:
Gold:   52         SH:  9    Dex:  9    Spells: 0 memorised, 3 levels left

rFire  . . .     SeeInvis .     a - +0 war axe
rCold  . . .     Clarity  .     b - +0 scale mail
rNeg   + . .     SustAb   .     c - +0 shield
rPois  ∞         Gourm    .     (no helmet)
rElec  +         Spirit   .     (no cloak)
rCorr  .         Warding  .     (no gloves)
rMut   .         Stasis   .     (no boots)
MR     .....                    (no amulet)
Stlth  ..........               (no ring)
                                (no ring)

@: not resistant to hostile enchantments, extremely unstealthy
A: negative energy resistance 1, electricity resistance, unbreathing,
petrification resistance, rot immunity, AC +3
a: no special abilities


You were on level 4 of the Dungeon.
You were hungry.

You visited 1 branch of the dungeon, and saw 3 of its levels.

You collected 52 gold pieces.

Inventory:

Hand weapons
 a - a +0 war axe (weapon)
Armour
 b - a +0 scale mail (worn)
 c - a +0 shield (worn)
Jewellery
 g - an uncursed amulet of stasis {unknown}
Scrolls
 f - a scroll of random uselessness {unknown}
 h - a scroll of blinking {unknown}
 i - 2 scrolls of recharging {unknown}
 k - a scroll of enchant weapon {unknown}
 n - a scroll of amnesia {unknown}
 p - 4 scrolls of identify {unknown}
 t - a scroll of immolation {unknown}
 u - a scroll of fear {unknown}
 v - a scroll of enchant armour {unknown}
Potions
 d - 2 potions of might
 j - 4 potions of curing {unknown}
 l - 2 potions of flight {unknown}
 o - a potion of haste {unknown}
 r - a potion of magic {unknown}
 s - a potion of brilliance {unknown}
Comestibles
 e - 4 bread rations
 m - a meat ration
 q - a royal jelly


   Skills:
 + Level 3.6 Fighting
 + Level 2.2 Axes
 + Level 3.8 Armour
 + Level 1.2 Dodging
 + Level 0.8 Stealth
 + Level 4.1 Shields


You had 3 spell levels left.
You didn't know any spells.

Dungeon Overview and Level Annotations

Branches:
Dungeon (4/15)
 Temple: D:4-7

Altars:
Elyvilon


Innate Abilities, Weirdness & Mutations

You are resistant to torment.
Your stone body is resilient (AC +3).
You are immune to poison.
You resist negative energy.
You are resistant to electric shocks.
You can survive without breathing.
You are immune to petrification.
You are immune to rotting.


Message History

You block the hound's attack. The hound bites you but does no damage.
You closely miss the hound.
The hound is heavily wounded.
You block the hound's attack. The hound bites you.
* * * LOW HITPOINT WARNING * * *
You barely miss the hound.
The hound is heavily wounded.
The hound barely misses you. The hound bites you.
* * * LOW HITPOINT WARNING * * *
You hit the hound.
The hound is heavily wounded.
You block the hound's attack. The hound barely misses you.
The hound barely misses you.
You closely miss the hound.
The hound is heavily wounded.
The hound bites you but does no damage. x2
You miss the hound.
The hound is heavily wounded.
The hound bites you.
You die...

### #.. #.#
#.#
######.#####
#..........#
#.####.###....
#.# #@# #.#
#h# #.#
#.########.
#.#
#........r.
#.#
###########
#.# #.# #.#
### #W# #..


You could see a hound.

Vanquished Creatures
  4 adders
  3 oozes
  2 worms (D:2)
  2 ball pythons
  3 goblins (D:1)
  3 hobgoblins
  4 jackals (D:2)
  4 kobolds
  3 giant geckos
  3 giant newts (D:1)
  A quokka skeleton (D:4)
  2 rats
34 creatures vanquished.

Notes
Turn   | Place    | Note
--------------------------------------------------------------
     0 | D:1      | sugabear, the Gargoyle Fighter, began the quest for the Orb.
     0 | D:1      | Reached XP level 1. HP: 14/14 MP: 1/1
   137 | D:1      | Reached XP level 2. HP: 14/19 MP: 2/2
   970 | D:2      | Reached XP level 3. HP: 21/23 MP: 3/3
  1058 | D:2      | Reached skill level 4 in Shields
  1220 | D:2      | Found a white marble altar of Elyvilon.
  1307 | D:2      | Reached XP level 4. HP: 28/28 MP: 4/4
  1354 | D:2      | Reached skill level 1 in Dodging
  1437 | D:2      | You fall through a shaft for 2 floors!
  1494 | D:4      | Noticed a phantom
  1554 | D:4      | Slain by a hound

Action                   |  1- 3 |  4- 6 || total
-------------------------+-------+-------++-------
Melee: War axe           |   114 |    75 ||   189
  Eat: Chunk             |     1 |     1 ||     2
